[Event "European Corporate Championship 2022"]
[Site "Rotterdam"]
[Date "2022.06.19"]
[Round "5.17"]
[White "Afek, Yochanan"]
[Black "Pardo Simon, David"]
[Result "0-1"]
[ECO "B06"]
[WhiteElo "2210"]
[BlackElo "2461"]
[Annotator "TA"]
[PlyCount "82"]
[EventDate "2022.06.18"]
[EventType "team-tourn"]
[EventCountry "NED"]
[SourceTitle "playchess.com"]
[Source "ChessBase"]
[SourceQuality "1"]
[TimeControl "900+5"]

1. e4 d6 2. d4 g6 3. f4 Bg7 4. Nf3 a6 5. Bd3 b5 6. O-O {[%emt 0:00:04] B06: Modern Defence.} c5 {[%emt 0:01:19] [#]} 7. dxc5 $146 ({Predecessor:} 7. a4 c4 8. Be2 Bb7 9. Nbd2 Nf6 10. f5 Nxe4 11. Nxe4 Bxe4 12. Ng5 gxf5 13. Nxe4 fxe4 14. axb5 {0-1 (30) Mochalin,F (1973)-Pogorelskikh,S (2223) Samara 2017}) 7... dxc5 8. c3 {[%emt 0:00:08] White is better.} Bb7 9. a4 c4 10. Bc2 Qb6+ 11. Kh1 Nf6 12. Qe2 O-O 13. axb5 axb5 14. Rxa8 Bxa8 15. Na3 Nbd7 16. Be3 ({White should try} 16. Nd4 $14) 16... Qb7 17. e5 Nd5 18. Bc1 e6 19. Nd4 Nc7 20. Be3 Rd8 21. Bg1 Bf8 22. Rf3 Nb8 ({Black should play} 22... Qa6 $17 23. Rh3 Bxa3 24. bxa3 Qxa3) 23. f5 exf5 24. Nxf5 {[%emt 0:00:16] White is now going downhill.} Ne6 (24... Re8 $19 25. Ng3 Nd7) 25. Nd6 (25. Nd4 $17) 25... Bxd6 $19 26. exd6 Rxd6 27. Bd4 $2 (27. Rf2) 27... Nxd4 28. cxd4 Re6 29. Qf2 Qe7 {[%emt 0:00:05] ( -> ...Re1+)} 30. h3 Bxf3 31. Qxf3 Re1+ 32. Kh2 Qd6+ 33. g3 Qxd4 34. h4 Qg1+ 35. Kh3 Re3 36. Qf4 Qh1+ 37. Kg4 Re8 (37... h5+ $142 38. Kg5 Qd5+ 39. Kh6 {[#]} Nd7 $1 40. Bf5 gxf5 $1 41. Qg5+ Kf8 42. Kh7 Re8 43. Qh6+ Ke7 44. Qe3+ Kd8 45. Qg5+ f6 46. Qg7 Re7 47. b3 Ne5 48. Kh8 Rxg7 49. Kxg7 Qf7+ 50. Kh8 Ng6#) 38. Nxb5 h5+ {[%emt 0:00:10] Black mates.} 39. Kg5 Qd5+ 40. Kh6 Qxb5 41. Qf6 Qe5 {[%emt 0:00:05] Weighted Error Value: White=1.29/Black=0.30} 0-1

[Event "European Corporate Championship 2022"]
[Site "Rotterdam"]
[Date "2022.06.19"]
[Round "5.18"]
[White "Jain Aum"]
[Black "Theulings, Paul-Peter"]
[Result "0-1"]
[ECO "C45"]
[WhiteElo "1591"]
[BlackElo "2063"]
[Annotator "NA RC"]
[PlyCount "135"]
[EventDate "2022.06.18"]
[EventType "team-tourn"]
[EventCountry "NED"]
[SourceTitle "playchess.com"]
[Source "ChessBase"]
[SourceQuality "1"]
[TimeControl "900+5"]

1. e4 e5 2. Nf3 Nc6 3. d4 exd4 4. Nxd4 Nf6 5. Nxc6 bxc6 6. e5 Qe7 7. Qe2 Nd5 8. c4 Nb6 9. Nc3 Qe6 10. Qe4 d5 11. exd6 Qxe4+ 12. Nxe4 cxd6 13. Bf4 d5 14. cxd5 Nxd5 15. Bd6 Bxd6 16. Nxd6+ Ke7 17. Nxc8+ Raxc8 18. Bc4 Rhe8 19. O-O-O Kd6 20. Rhe1 f6 21. g3 Kc5 22. b3 Rcd8 23. Bxd5 cxd5 24. Kc2 a5 25. a3 Kd6 26. Kd3 Rb8 27. Rxe8 Rxe8 28. Rb1 Rc8 29. b4 axb4 30. axb4 Ra8 31. Rb2 Ra1 32. b5 Ra3+ 33. Kd4 Ra4+ 34. Kd3 Ra3+ 35. Kd4 Ra4+ 36. Kc3 Kc7 37. Rd2 Rc4+ 38. Kb3 Rc5 39. Kb4 Kb6 40. Re2 Rxb5+ 41. Kc3 Kc6 42. Re7 Rb7 43. Re6+ Kc5 44. Re8 Rc7 45. Ra8 h6 46. Kd3 Kd6 47. Ra6+ Rc6 48. Ra7 Rc7 49. Ra6+ Ke5 50. f4+ Kf5 51. h3 Rb7 52. Ra3 Rb4 53. Ke3 h5 54. Kf3 Kg6 55. Rd3 Rb5 56. g4 hxg4+ 57. hxg4 Ra5 58. Ke3 Kf7 59. f5 Ke7 60. Rb3 Ra7 61. Kd4 Ra4+ 62. Kxd5 Rxg4 63. Rb7+ Kf8 64. Rb8+ Kf7 65. Rb7+ Kg8 66. Rb8+ Kh7 67. Ke6 Rd4 68. Rb5 0-1

[Event "European Corporate Championship 2022"]
[Site "Rotterdam"]
[Date "2022.06.19"]
[Round "5.19"]
[White "Malachi, Avraham"]
[Black "Maral Pranav"]
[Result "1-0"]
[ECO "A07"]
[WhiteElo "1997"]
[BlackElo "1329"]
[Annotator "NA RC"]
[PlyCount "71"]
[EventDate "2022.06.18"]
[EventType "team-tourn"]
[EventCountry "NED"]
[SourceTitle "playchess.com"]
[Source "ChessBase"]
[SourceQuality "1"]
[TimeControl "900+5"]

1. e4 e6 2. d3 d5 3. Nd2 Nf6 4. Ngf3 Be7 5. g3 O-O 6. Bg2 c6 7. O-O Qb6 8. Re1 dxe4 9. dxe4 Rd8 10. Qe2 Nbd7 11. e5 Nd5 12. Ne4 Qc7 13. c4 Nb4 14. a3 Na6 15. Bf4 Nf8 16. h4 Ng6 17. Bg5 h6 18. Bxe7 Qxe7 19. b4 Bd7 20. Nd6 Be8 21. c5 Nc7 22. Nd4 Nd5 23. Bxd5 exd5 24. f4 Rab8 25. f5 Nxh4 26. gxh4 Qxh4 27. Nf3 Qg3+ 28. Qg2 Qf4 29. Rad1 h5 30. Rd4 Qh6 31. f6 g6 32. Nf5 Qh7 33. Ne7+ Kh8 34. Ng5 Qh6 35. e6 fxe6 36. Nxe6 1-0

[Event "European Corporate Championship 2022"]
[Site "Rotterdam"]
[Date "2022.06.19"]
[Round "5.20"]
[White "Pedersen, Christopher R.N.H."]
[Black "Burstein, Almog"]
[Result "1-0"]
[ECO "B01"]
[WhiteElo "2118"]
[BlackElo "1829"]
[Annotator "NA RC"]
[PlyCount "27"]
[EventDate "2022.06.18"]
[EventType "team-tourn"]
[EventCountry "NED"]
[SourceTitle "playchess.com"]
[Source "ChessBase"]
[SourceQuality "1"]
[TimeControl "900+5"]

1. e4 d5 2. exd5 Nf6 3. d4 Bg4 4. Be2 Bxe2 5. Nxe2 Qxd5 6. Nbc3 Qxg2 7. Rg1 Qf3 8. Bf4 c6 9. Rg3 Qh5 10. Rg1 Nbd7 11. Qd2 O-O-O 12. O-O-O e5 13. dxe5 Nxe5 14. Qxd8# 1-0